 Dungeon Crawl Stone Soup version 0.30-a0-142-g7370640ec8 (webtiles) character file.

Game seed: 15674745305607017704

12572 qw the Cleaver (level 11, -1/71 HPs)
             Began as a Gargoyle Fighter on Sept 25, 2022.
             Was a High Priest of Okawaru.
             Slain by a komodo dragon (18 damage)
             ... on level 2 of the Lair of Beasts.
             The game lasted 00:03:54 (11502 turns).

qw the Cleaver (Gargoyle Fighter)                  Turns: 11502, Time: 00:03:55

Health: -1/71      AC: 27    Str: 25    XL:     11   Next: 95%
Magic:  16/18      EV: 10    Int:  8    God:    Okawaru [*****.]
Gold:   196        SH:  7    Dex: 15    Spells: 10/10 levels left

rFire   . . .      SeeInvis .    Y - +0 broad axe (vorpal)
rCold   . . .      Faith    .    c - +0 buckler
rNeg    + . .      Spirit   .    n - +0 plate armour
rPois   inf        Reflect  .    l - +0 helmet
rElec   +          Harm     .    q - +0 cloak
rCorr   .          Rampage  .    (no gloves)
Will    .....                    (no boots)
Stlth   ..........               (no amulet)
HPRegen 0.21/turn                a - +6 ring of dexterity
MPRegen 0.16/turn                (no ring)

@: about to teleport, heroic, frozen, very slow
A: sickness immunity, AC +8, negative energy resistance 1, electricity
resistance, torment resistance 1, petrification resistance
a: Renounce Religion, Heroism, Finesse, Duel


You were on level 2 of the Lair of Beasts.
You worshipped Okawaru.
Okawaru was extremely pleased with you.
You visited 3 branches of the dungeon, and saw 12 of its levels.

You collected 480 gold pieces.
You spent 284 gold pieces at shops.


Innate Abilities, Weirdness & Mutations

You are immune to sickness and miasma.
Your stone body is resilient. (AC +8)
You are immune to poison.
You resist negative energy. (rN+)
You are resistant to electric shocks. (rElec)
You are resistant to unholy torment.
You are immune to petrification.


   Skills:
 - Level 9.0(14.0) Fighting
 + Level 11.5(16.5) Axes
 - Level 1.1(6.1) Throwing
 - Level 8.0(13.0) Armour
 - Level 2.5(7.5) Dodging
 - Level 5.3(10.3) Shields
 + Level 9.4 Invocations


You had 10 spell levels left.
You didn't know any spells.
Your spell library was empty.

Inventory:

Hand Weapons
 o - a +0 morningstar
 Y - a +0 vorpal broad axe (weapon)
Armour
 c - a +0 buckler (worn)
 l - a +0 helmet (worn)
 n - a +0 plate armour (worn)
 q - a +0 cloak (worn)
Jewellery
 a - a +6 ring of dexterity (left hand)
 e - a ring of fire
Scrolls
 i - a scroll of teleportation
 k - 7 scrolls of identify
Potions
 d - 2 potions of might
 f - 2 potions of attraction
 j - a potion of haste
 m - a potion of mutation
 p - 5 potions of curing

Dungeon Overview and Level Annotations

Branches:
Dungeon (9/15)             Temple (1/1) D:5            Lair (2/5) D:8
  Swamp: Lair:2-3    Shoals: Lair:2-3     Snake: Lair:2-3    Spider: Lair:2-3
    Orc: D:9-12

Altars:
Ashenzari
Cheibriados
Dithmenos
Elyvilon
Fedhas
Gozag
Hepliaklqana
Kikubaaqudgha
Makhleb
Nemelex Xobeh
Okawaru
Qazlal
Sif Muna
Trog
Uskayaw
Vehumet
Wu Jian
Xom
Yredelemnul
Zin
The Shining One

Shops:
D:1 [   D:6 !=*==


Message History

The elephant tramples you but does no damage.
The elephant trunk-slaps you but does no damage.
You barely miss the yak.
The yak is moderately wounded.
You closely miss the rime drake. You slash the komodo dragon!
You hit the elephant but do no damage.
The elephant tramples you but does no damage.
The elephant barely misses you. The komodo dragon bites you!!
The yak closely misses you. The rime drake bites you.
You hit the komodo dragon.
The komodo dragon is severely wounded.
You completely miss the yak. You hit the elephant. You slash the rime drake!
The blink frog blinks!
The komodo dragon barely misses you. The yak gores you but does no damage.
The elephant tramples you but does no damage.
The elephant trunk-slaps you but does no damage.
You block the rime drake's attack.
You hit the blink frog.
The blink frog is severely wounded.
You slash the elephant!
You hit the komodo dragon but do no damage.
You hit the elephant but do no damage. You slash the rime drake!
You slash the yak!
The blink frog hits you but does no damage.
The rime drake breathes ice at you.
The flash freeze hits you but does no damage.
You are encased in ice.
The komodo dragon barely misses you. You block the elephant's attack.
The elephant trunk-slaps you.
An elephant comes into view.
The elephant tramples you but does no damage.
The elephant trunk-slaps you but does no damage.
11502 ||| READING 2 scrolls of teleportation.
As you read the scroll of teleportation, it crumbles to dust.
You feel strangely unstable.
The elephant trumpets!
The blink frog blinks!
The rime drake barely misses you. You block the yak's attack.
The elephant closely misses you. You block the elephant's attack.
The komodo dragon bites you!!
You die...

.. ##. ... P.
...###.# #
........ ..
.....<.. ..
........## ¤#
....#.Y#Y##¤###.
#..Y@lYY.....
###.###kFYF......
........lY.......
F................
.................
................
................
##.##...........
####..##P....P.


You could see 5 elephants, 2 komodo dragons, 2 yaks, a blink frog, a rime drake
(catching breath) and a bullfrog.

Vanquished Creatures
  A two-headed ogre (D:9)
  A cyclops (D:8)
  An elephant (Lair:2)
  A cane toad (Lair:1)
  A rime drake (Lair:1)
  2 komodo dragons (Lair:1)
  A hornet (D:8)
  Sigmund (D:4)
  23 yaks
  5 wyverns (D:8)
  Eustachio (D:4)
  A steam dragon (D:8)
  Edmund (D:4)
  Menkaure (D:7)
  12 water moccasins
  A sky beast (D:8)
  3 orc warriors
  An ice beast (D:8)
  3 black bears
  2 ogres (D:6)
  2 centaurs
  12 bullfrogs
  3 necrophages
  3 scorpions
  9 wights
  2 jellies (D:4)
  3 killer bees (D:5)
  7 howler monkeys
  A crimson imp (D:5)
  2 quasits (D:7)
  6 hounds
  4 orc priests
  A gnoll bouda (D:5)
  4 iguanas
  8 orc wizards
  3 gnolls (D:5)
  5 adders
  A shadow imp (D:6)
  3 white imps
  3 ufetubi
  4 worms
  15 orcs
  7 ball pythons
  3 bats
  4 endoplasms
  2 giant cockroaches
  4 goblins
  5 hobgoblins
  4 jackals (D:4)
  A quokka (D:5)
  A frilled lizard (D:2)
  8 kobolds
  7 rats
210 creatures vanquished.

Vanquished Creatures (others)
  A demonic plant (D:7)
  4 fungi
  25 plants
30 creatures vanquished.

Grand Total: 240 creatures vanquished

Notes
Turn   | Place    | Note
-------+----------+-------------------------------------------
     0 | D:1      | qw the Gargoyle Fighter began the quest for the Orb.
     0 | D:1      | Reached XP level 1. HP: 14/14 MP: 1/1
     0 | D:1      | 0 ||| qw: Version: 0.2-a-10-g399e6c4
     0 | D:1      | 0 ||| qw: Game counter: 397
     0 | D:1      | 0 ||| qw: Always use a shield: true
     0 | D:1      | 0 ||| qw: God list: Okawaru
     0 | D:1      | 0 ||| qw: Allow faded altars: false
     0 | D:1      | 0 ||| qw: Do Orc after D:15 true
     0 | D:1      | 0 ||| qw: Do second Lair branch before Depths: true
     0 | D:1      | 0 ||| qw: Lair rune preference: random
     0 | D:1      | 0 ||| qw: Plans: Normal, Zot:1-4, God:TSO, Crypt, Tomb,
                  | Pan, Slime:5, Hells, Abyss, Orb
     0 | D:1      | 0 ||| PLANNING D:1-11
    40 | D:1      | Found Hugimul's Antique Armour Boutique.
    43 | D:1      | 43 ||| SHOPLISTING embroidered cloak (187 gold, have 0).
    43 | D:1      | 43 ||| SHOPLISTING pair of embroidered boots (187 gold,
                  | have 0).
    43 | D:1      | 43 ||| SHOPLISTING runed scarf (200 gold, have 0).
    43 | D:1      | 43 ||| SHOPLISTING scorched hat (225 gold, have 0).
   219 | D:1      | Reached skill level 2 in Axes
   345 | D:1      | Found a faded altar of an unknown god.
   507 | D:1      | Reached XP level 2. HP: 18/19 MP: 2/2
   549 | D:1      | 549 ||| Stepping ~*~*~tactically~*~*~ (stealth).
   671 | D:1      | 671 ||| READING scroll labelled UWOSMI NYURUWN.
   676 | D:1      | 676 ||| READING scroll labelled USSAMU CULIGEB.
   714 | D:2      | 714 ||| Stepping ~*~*~tactically~*~*~ (stealth).
   737 | D:2      | 737 ||| FLEEEEING.
   738 | D:2      | 738 ||| STAIRDANCE
   825 | D:2      | 825 ||| STAIRDANCE
   859 | D:2      | Reached skill level 3 in Axes
   859 | D:2      | Reached XP level 3. HP: 17/23 MP: 3/3
   859 | D:2      | 859 ||| STAIRDANCE
  1743 | D:2      | 1743 ||| UPGRADING to +0 helmet.
  1748 | D:2      | 1748 ||| UPGRADING to +6 ring of dexterity.
  1749 | D:2      | 1749 ||| READING scroll labelled ZIOTOT OP FUMMI.
  1750 | D:2      | 1750 ||| READING scroll labelled ATHOBLA UDURE.
  1979 | D:3      | Reached skill level 1 in Dodging
  1979 | D:3      | Reached XP level 4. HP: 9/28 MP: 4/4
  2195 | D:3      | 2195 ||| DROPPING +0 mace.
  2363 | D:3      | 2363 ||| DRINKING 2 fizzy purple potions.
  2364 | D:3      | 2364 ||| READING 2 scrolls of identify.
  2364 | D:3      | 2364 ||| IDENTIFYING murky clear potion
  2375 | D:4      | Noticed Edmund
  2376 | D:4      | 2376 ||| PLANNING SEWER
  2391 | D:4      | HP: 4/28 [Edmund/+1 antimagic flail (11)]
  2392 | D:4      | 2392 ||| DRINKING potion of heal wounds.
  2398 | D:4      | Killed Edmund
  2399 | D:4      | Reached skill level 4 in Axes
  2399 | D:4      | Reached XP level 5. HP: 9/32 MP: 1/5
  2399 | D:4      | 2399 ||| STAIRDANCE
  2627 | D:4      | 2627 ||| DROPPING +0 flail.
  2674 | D:4      | 2674 ||| Stepping ~*~*~tactically~*~*~ (stealth).
  2675 | D:4      | 2675 ||| Stepping ~*~*~tactically~*~*~ (hiding).
  2684 | D:4      | Reached skill level 5 in Axes
  2684 | D:4      | Reached XP level 6. HP: 31/37 MP: 6/6
  2927 | D:4      | 2927 ||| FLEEEEING.
  3047 | D:4      | 3047 ||| Stepping ~*~*~tactically~*~*~ (stealth).
  3094 | D:4      | 3094 ||| RIP SEWER
  3101 | D:4      | 3101 ||| PLANNING D:1-11
  3410 | D:4      | Found the Hermit's pendant {Faith invo=14 evo=0 MP+5}
  3605 | D:4      | Noticed Eustachio
  3606 | D:4      | 3606 ||| Stepping ~*~*~tactically~*~*~ (stealth).
  3650 | D:4      | Killed Eustachio
  3651 | D:4      | Reached skill level 6 in Axes
  3651 | D:4      | Reached XP level 7. HP: 23/44 MP: 7/7
  3870 | D:4      | 3870 ||| Stepping ~*~*~tactically~*~*~ (water).
  3911 | D:4      | Noticed Sigmund
  3926 | D:4      | Killed Sigmund
  3927 | D:4      | Reached skill level 7 in Axes
  4125 | D:4      | 4125 ||| DROPPING scarf of harm.
  4126 | D:4      | 4126 ||| READING scroll labelled UCVOHI WOXKYOT.
  4127 | D:4      | 4127 ||| READING scroll labelled BEM PIGORADODE.
  4128 | D:4      | 4128 ||| DRINKING 3 glowing pink potions.
  4129 | D:4      | 4129 ||| READING 3 scrolls of identify.
  4129 | D:4      | 4129 ||| IDENTIFYING viscous inky potion
  4130 | D:4      | 4130 ||| READING 2 scrolls of identify.
  4130 | D:4      | 4130 ||| IDENTIFYING smoky puce potion
  4131 | D:4      | 4131 ||| DROPPING potion of flight.
  4132 | D:4      | 4132 ||| DROPPING 2 potions of degeneration.
  4153 | D:5      | Entered Level 5 of the Dungeon
  4211 | D:5      | Reached XP level 8. HP: 29/49 MP: 8/8
  4742 | D:5      | Reached skill level 8 in Axes
  4893 | D:5      | Found a staircase to the Ecumenical Temple.
  4894 | D:5      | 4894 ||| PLANNING TEMPLE
  4894 | D:5      | 4894 ||| UPGRADING to +0 chain mail.
  4904 | D:5      | 4904 ||| DROPPING +0 scale mail.
  4905 | D:5      | 4905 ||| READING scroll labelled OCUIGR HEMP.
  4906 | D:5      | 4906 ||| READING scroll labelled VYSAURH COAZE.
  4907 | D:5      | 4907 ||| READING 4 scrolls of identify.
  4907 | D:5      | 4907 ||| IDENTIFYING grey potion
  4916 | Temple   | Entered the Ecumenical Temple
  4925 | Temple   | 4925 ||| PLANNING OKAWARU WORSHIP
  5071 | Temple   | Became a worshipper of Warmaster Okawaru
  5072 | Temple   | 5072 ||| PLANNING D:1-11
  5363 | D:5      | 5363 ||| Stepping ~*~*~tactically~*~*~ (stealth).
  5365 | D:5      | 5365 ||| Stepping ~*~*~tactically~*~*~ (hiding).
  5375 | D:5      | HP: 12/51 [gnoll/+0 spear[a gnoll bouda] (2)]
  5376 | D:5      | 5376 ||| READING scroll of teleportation.
  5376 | D:5      | HP: 5/51 [gnoll bouda/+0 whip (7)]
  5377 | D:5      | 5377 ||| DRINKING potion of heal wounds.
  5438 | D:5      | 5438 ||| Stepping ~*~*~tactically~*~*~ (hiding).
  5440 | D:5      | 5440 ||| Stepping ~*~*~tactically~*~*~ (hiding).
  5454 | D:5      | Reached skill level 6 in Fighting
  5674 | D:5      | 5674 ||| Stepping ~*~*~tactically~*~*~ (hiding).
  5924 | D:5      | Found a shimmering altar of Xom.
  5924 | D:5      | Found a burning altar of Makhleb.
  5930 | D:5      | 5930 ||| Stepping ~*~*~tactically~*~*~ (hiding).
  6161 | D:5      | 6161 ||| READING scroll labelled ITORINGIEF.
  6229 | D:6      | Reached * piety under Okawaru
  6258 | D:6      | Found Omegiod's Distillery.
  6267 | D:6      | 6267 ||| BUYING potion of curing (30 gold).
  6267 | D:6      | Bought a potion of curing for 30 gold pieces
  6267 | D:6      | 6267 ||| BUYING potion of curing (30 gold).
  6267 | D:6      | Bought a potion of curing for 30 gold pieces
  6267 | D:6      | 6267 ||| BUYING potion of curing (30 gold).
  6267 | D:6      | Bought a potion of curing for 30 gold pieces
  6267 | D:6      | 6267 ||| BUYING potion of heal wounds (50 gold).
  6267 | D:6      | Bought a potion of heal wounds for 50 gold pieces
  6267 | D:6      | 6267 ||| BUYING potion of heal wounds (50 gold).
  6267 | D:6      | Bought a potion of heal wounds for 50 gold pieces
  6298 | D:6      | Reached skill level 1 in Invocations
  6324 | D:6      | Found Guprorr's Assorted Antiques.
  6326 | D:6      | You fall into a shaft and drop 3 floors!
  6331 | D:9      | 6331 ||| INVOKING Heroism.
  6332 | D:9      | 6332 ||| Stepping ~*~*~tactically~*~*~ (hiding).
  6344 | D:9      | 6344 ||| INVOKING Heroism.
  6348 | D:9      | Reached XP level 9. HP: 34/55 MP: 5/9
  6509 | D:9      | 6509 ||| INVOKING Heroism.
  6520 | D:9      | Reached skill level 1 in Throwing
  6523 | D:9      | HP: 10/55 [wight/+5 dagger (4)]
  6524 | D:9      | 6524 ||| DRINKING 2 potions of heal wounds.
  6525 | D:9      | 6525 ||| INVOKING Heroism.
  6529 | D:9      | Reached skill level 3 in Invocations
  6605 | D:9      | Noticed a two-headed ogre
  6606 | D:9      | 6606 ||| Stepping ~*~*~tactically~*~*~ (stealth).
  6612 | D:9      | 6612 ||| Stepping ~*~*~tactically~*~*~ (stealth).
  6613 | D:9      | 6613 ||| Stepping ~*~*~tactically~*~*~ (stealth).
  6619 | D:9      | 6619 ||| INVOKING Heroism.
  6626 | D:9      | Killed a two-headed ogre
  6626 | D:9      | Reached ** piety under Okawaru
  6627 | D:9      | Reached skill level 9 in Axes
  6812 | D:9      | Found a glowing golden altar of the Shining One.
  6824 | D:9      | 6824 ||| Stepping ~*~*~tactically~*~*~ (hiding).
  6826 | D:9      | 6826 ||| Stepping ~*~*~tactically~*~*~ (hiding).
  6924 | D:9      | 6924 ||| INVOKING Heroism.
  6943 | D:9      | 6943 ||| DROPPING +1 antimagic flail.
  7003 | D:9      | 7003 ||| UPGRADING to +0 plate armour.
  7013 | D:9      | 7013 ||| DROPPING +0 chain mail.
  7014 | D:9      | 7014 ||| READING scroll labelled QICAOPR FOAF.
  7142 | D:6      | Found Yplebb's Jewellery Emporium.
  7145 | D:6      | 7145 ||| SHOPLISTING +4 ring of protection (504 gold, have
                  | 92).
  7145 | D:6      | 7145 ||| SHOPLISTING amulet of the acrobat (420 gold, have
                  | 92).
  7145 | D:6      | 7145 ||| SHOPLISTING ring of fire (350 gold, have 92).
  7145 | D:6      | 7145 ||| SHOPLISTING ring of ice (350 gold, have 92).
  7145 | D:6      | 7145 ||| SHOPLISTING ring of positive energy (280 gold,
                  | have 92).
  7145 | D:6      | 7145 ||| SHOPLISTING ring of protection from fire (350
                  | gold, have 92).
  7145 | D:6      | 7145 ||| SHOPLISTING ring of willpower (350 gold, have 92).
  7155 | D:7      | 7155 ||| Stepping ~*~*~tactically~*~*~ (stealth).
  7210 | D:6      | Found Liquih's Jewellery Boutique.
  7213 | D:6      | 7213 ||| SHOPLISTING +4 ring of evasion (468 gold, have
                  | 92).
  7213 | D:6      | 7213 ||| SHOPLISTING +4 ring of protection (468 gold, have
                  | 92).
  7213 | D:6      | 7213 ||| SHOPLISTING +6 ring of strength (468 gold, have
                  | 92).
  7213 | D:6      | 7213 ||| SHOPLISTING ring of the Scavenger {Fly rN+ Dex+2}
                  | (427 gold, have 92).
  7392 | D:6      | 7392 ||| INVOKING Heroism.
  7432 | D:6      | 7432 ||| INVOKING Heroism.
  7434 | D:6      | Reached XP level 10. HP: 59/63 MP: 10/13
  7466 | D:6      | 7466 ||| BUYING cloak (94 gold).
  7466 | D:6      | Bought a cloak for 94 gold pieces
  7466 | D:6      | 7466 ||| SHOPLISTING glowing war axe (136 gold, have 14).
  7466 | D:6      | 7466 ||| SHOPLISTING scroll of identify (42 gold, have 14).
  7601 | D:6      | Found a blossoming altar of Fedhas.
  7737 | D:6      | Reached skill level 6 in Armour
  7744 | D:6      | Found Sadyshatz's Jewellery Emporium.
  7760 | D:6      | 7760 ||| SHOPLISTING amulet of Xom's Ringing Laughter
                  | {RegenMP Fly rPois Will+++ Str-5} (668 gold, have 25).
  7760 | D:6      | 7760 ||| SHOPLISTING amulet of reflection (330 gold, have
                  | 25).
  7760 | D:6      | 7760 ||| SHOPLISTING ring of fire (275 gold, have 25).
  7760 | D:6      | 7760 ||| SHOPLISTING ring of ice (275 gold, have 25).
  7760 | D:6      | 7760 ||| SHOPLISTING ring of protection from fire (275
                  | gold, have 25).
  7760 | D:6      | 7760 ||| SHOPLISTING ring of see invisible (165 gold, have
                  | 25).
  7824 | D:6      | 7824 ||| UPGRADING to +0 cloak.
  7829 | D:6      | 7829 ||| READING 6 scrolls of identify.
  7829 | D:6      | 7829 ||| IDENTIFYING cyan potion
  7830 | D:6      | 7830 ||| READING 5 scrolls of identify.
  7830 | D:6      | 7830 ||| IDENTIFYING fizzy clear potion
  7831 | D:6      | 7831 ||| DROPPING potion of ambrosia.
  7832 | D:6      | 7832 ||| DROPPING potion of berserk rage.
  7868 | D:7      | 7868 ||| SWAPPING to +3 war axe of draining.
  7869 | D:7      | 7869 ||| DROPPING +0 war axe.
  7870 | D:7      | 7870 ||| Stepping ~*~*~tactically~*~*~ (stealth).
  7871 | D:7      | 7871 ||| Stepping ~*~*~tactically~*~*~ (stealth).
  7874 | D:7      | 7874 ||| Stepping ~*~*~tactically~*~*~ (stealth).
  7875 | D:7      | 7875 ||| Stepping ~*~*~tactically~*~*~ (stealth).
  7888 | D:7      | 7888 ||| INVOKING Heroism.
  7945 | D:7      | 7945 ||| Stepping ~*~*~tactically~*~*~ (stealth).
  7947 | D:7      | 7947 ||| Stepping ~*~*~tactically~*~*~ (stealth).
  7952 | D:7      | Found an opulent altar of Gozag.
  7997 | D:7      | 7997 ||| Stepping ~*~*~tactically~*~*~ (water).
  8047 | D:7      | 8047 ||| INVOKING Heroism.
  8047 | D:7      | HP: 12/63 [disintegration (19)]
  8048 | D:7      | 8048 ||| READING 2 scrolls of teleportation.
  8049 | D:7      | 8049 ||| DRINKING 2 potions of heal wounds.
  8152 | D:7      | 8152 ||| Stepping ~*~*~tactically~*~*~ (stealth).
  8178 | D:7      | 8178 ||| Stepping ~*~*~tactically~*~*~ (hiding).
  8260 | D:7      | 8260 ||| Stepping ~*~*~tactically~*~*~ (stealth).
  8283 | D:7      | Noticed Menkaure
  8284 | D:7      | 8284 ||| INVOKING Heroism.
  8291 | D:7      | Killed Menkaure
  8292 | D:7      | Reached skill level 10 in Axes
  8358 | D:7      | 8358 ||| Stepping ~*~*~tactically~*~*~ (stealth).
  8362 | D:7      | Reached *** piety under Okawaru
  8481 | D:7      | 8481 ||| FLEEEEING.
  8482 | D:7      | 8482 ||| FLEEEEING.
  8484 | D:7      | 8484 ||| FLEEEEING.
  8485 | D:7      | 8485 ||| FLEEEEING.
  8486 | D:7      | 8486 ||| FLEEEEING.
  8487 | D:7      | 8487 ||| FLEEEEING.
  8488 | D:7      | 8488 ||| FLEEEEING.
  8489 | D:7      | 8489 ||| FLEEEEING.
  8775 | D:8      | 8775 ||| INVOKING Heroism.
  8949 | D:8      | 8949 ||| Stepping ~*~*~tactically~*~*~ (hiding).
  8952 | D:8      | 8952 ||| Stepping ~*~*~tactically~*~*~ (hiding).
  8955 | D:8      | 8955 ||| INVOKING Heroism.
  8995 | D:8      | 8995 ||| Stepping ~*~*~tactically~*~*~ (stealth).
  8996 | D:8      | 8996 ||| Stepping ~*~*~tactically~*~*~ (stealth).
  8998 | D:8      | 8998 ||| Stepping ~*~*~tactically~*~*~ (stealth).
  9079 | D:8      | 9079 ||| INVOKING Heroism.
  9080 | D:8      | 9080 ||| Stepping ~*~*~tactically~*~*~ (stealth).
  9104 | D:8      | Reached **** piety under Okawaru
  9107 | D:8      | 9107 ||| Stepping ~*~*~tactically~*~*~ (stealth).
  9118 | D:8      | 9118 ||| INVOKING Heroism.
  9137 | D:8      | Reached XP level 11. HP: 60/68 MP: 13/15
  9140 | D:8      | Reached skill level 6 in Invocations
  9213 | D:8      | 9213 ||| INVOKING Heroism.
  9223 | D:8      | Reached skill level 11 in Axes
  9223 | D:8      | 9223 ||| Stepping ~*~*~tactically~*~*~ (cloud).
  9352 | D:8      | Noticed a cyclops
  9353 | D:8      | 9353 ||| INVOKING Heroism.
  9370 | D:8      | Killed a cyclops
  9524 | D:8      | 9524 ||| Stepping ~*~*~tactically~*~*~ (stealth).
  9525 | D:8      | 9525 ||| Stepping ~*~*~tactically~*~*~ (stealth).
  9544 | D:8      | 9544 ||| Stepping ~*~*~tactically~*~*~ (stealth).
  9546 | D:8      | 9546 ||| INVOKING Heroism.
  9547 | D:8      | 9547 ||| Stepping ~*~*~tactically~*~*~ (stealth).
  9549 | D:8      | 9549 ||| Stepping ~*~*~tactically~*~*~ (stealth).
  9560 | D:8      | Reached ***** piety under Okawaru
  9568 | D:8      | Reached skill level 9 in Fighting
  9569 | D:8      | 9569 ||| Stepping ~*~*~tactically~*~*~ (stealth).
  9570 | D:8      | 9570 ||| Stepping ~*~*~tactically~*~*~ (stealth).
  9580 | D:8      | 9580 ||| Stepping ~*~*~tactically~*~*~ (stealth).
  9581 | D:8      | 9581 ||| Stepping ~*~*~tactically~*~*~ (stealth).
  9670 | D:8      | Found a staircase to the Lair.
  9854 | D:8      | 9854 ||| PLANNING LAIR
  9854 | D:8      | 9854 ||| READING scroll labelled AZONUORAEPA.
  9855 | D:8      | 9855 ||| READING scroll labelled HYIPOBY HIACRA.
  9902 | Lair:1   | Entered Level 1 of the Lair of Beasts
  9918 | Lair:1   | 9918 ||| INVOKING Heroism.
 10123 | Lair:1   | 10123 ||| INVOKING Heroism.
 10462 | Lair:1   | 10462 ||| INVOKING Heroism.
 10463 | Lair:1   | 10463 ||| Stepping ~*~*~tactically~*~*~ (stealth).
 10465 | Lair:1   | 10465 ||| Stepping ~*~*~tactically~*~*~ (stealth).
 10469 | Lair:1   | 10469 ||| Stepping ~*~*~tactically~*~*~ (stealth).
 10482 | Lair:1   | Received a gift from Okawaru
 10612 | Lair:1   | 10612 ||| INVOKING Heroism.
 10623 | Lair:1   | Received a gift from Okawaru
 10652 | Lair:1   | 10652 ||| SWAPPING to +0 vorpal broad axe.
 10653 | Lair:1   | 10653 ||| DROPPING +3 war axe of draining.
 10851 | Lair:1   | 10851 ||| READING scroll labelled GAPUP QOLENIL.
 10918 | Lair:1   | 10918 ||| READING scroll labelled IBBEDW PEIRO.
 11019 | Lair:1   | 11019 ||| READING 8 scrolls of identify.
 11019 | Lair:1   | 11019 ||| IDENTIFYING viscous orange potion
 11043 | Lair:2   | 11043 ||| FLEEEEING.
 11044 | Lair:2   | 11044 ||| FLEEEEING.
 11045 | Lair:2   | 11045 ||| STAIRDANCE
 11149 | Lair:2   | 11149 ||| STAIRDANCE
 11159 | Lair:1   | Reached skill level 9 in Invocations
 11214 | Lair:2   | 11214 ||| STAIRDANCE
 11216 | Lair:1   | 11216 ||| INVOKING Heroism.
 11219 | Lair:1   | HP: 1/71 [komodo dragon (19)]
 11220 | Lair:1   | 11220 ||| READING 3 scrolls of teleportation.
 11221 | Lair:1   | 11221 ||| DRINKING potion of heal wounds.
 11489 | Lair:2   | 11489 ||| INVOKING Heroism.
 11501 | Lair:2   | HP: 17/71 [elephant (3)]
 11502 | Lair:2   | 11502 ||| READING 2 scrolls of teleportation.
 11502 | Lair:2   | Slain by a komodo dragon

Levels and vault maps discovered:
D:1:      dpeg_arrival_pits, layout_basic, shapermc_ecumenical_altar_acropolis,
          serial_shops, nicolae_shop_window_shopping
D:2:      layout_loops_ring
D:3:      layout_basic
D:4:      layout_basic, portal_sewer_entry_e, nrook_loot_triangle, uniq_edmund,
          uniq_sigmund, uniq_eustachio
D:5:      layout_layer_cave, grunt_temple_overflow_champion_of_chaos,
          lemuel_temple_firewalk_b
D:6:      layout_basic, fedhas_altar_fruit_tree, serial_shops, shop, shop,
          shop_statue, shop_statue, nicolae_take_the_stairs
D:7:      layout_cave_pools, grunt_gozag_statues, serial_demonic,
          serial_demonic_f, serial_demonic_c, serial_demonic_d,
          serial_demonic_d, dk_noncrumbling_2, uniq_menkaure
D:8:      layout_loops_cross, minmay_lair_entry_grove
D:9:      layout_stronghold, mainiacjoe_overflow_swirl
Temple:   nicolae_temple_bog_church
Lair:1:   layout_gridlike, lemuel_fruit_tree, grunt_megastairs_2
Lair:2:   layout_regular_city, minmay_shoals_entry_lonely_mermaid,
          serial_bayou_shore_a, grunt_megastairs_4

Skill      XL: |  1  2  3  4  5  6  7  8  9 10 11 |
---------------+----------------------------------+-----
Axes           | 2 3 4 5 6 7 8 9 10 11 | 11.5
Dodging        | 1 2 |  2.5
Fighting       | 4 5 6 7 8 9 |  9.0
Armour         | 4 5 7 8 |  8.0
Invocations    | 1 4 5 9 |  9.4
Throwing       | 1 |  1.1
Shields        | 4 5 |  5.3

Action                   |  1- 3 |  4- 6 |  7- 9 | 10-12 || total
-------------------------+-------+-------+-------+-------++-------
Melee: War axe           |    92 |   102 |   260 |   308 ||   762
       Broad axe         |       |       |       |    26 ||    26
Throw: Boomerang         |       |       |    19 |    17 ||    36
Invok: Heroism           |       |       |     8 |    16 ||    24
  Use: Scroll            |     4 |     1 |    10 |    10 ||    25
       Potion            |       |     2 |     3 |     2 ||     7
Armor: Scale mail        |    42 |    72 |    50 |       ||   164
       Chain mail        |       |       |    76 |       ||    76
       Plate armour      |       |       |    19 |   192 ||   211
Dodge: Dodged            |    31 |    39 |   134 |   105 ||   309
Block: Buckler           |    18 |    18 |    63 |    87 ||   186

Table legend:
 A = Non-vault XP
 B = Vault XP
 C = Vault XP percentage of total XP
 D = Non-vault monster count
 E = Vault monster count
 F = Vault count percentage of total count
                 A         B        C        D         E       F
            +---------+---------+-------+---------+---------+-------
      Total |   13997 |    3963 |  22.1 |     176 |      34 |  16.2
            +---------+---------+-------+---------+---------+-------
        D:1 |      16 |       0 |   0.0 |      11 |       0 |   0.0
        D:2 |      40 |       0 |   0.0 |      12 |       0 |   0.0
        D:3 |      64 |       0 |   0.0 |      10 |       0 |   0.0
        D:4 |     307 |     607 |  66.4 |      22 |      11 |  33.3
        D:5 |     771 |      50 |   6.1 |      21 |       1 |   4.5
        D:6 |    1009 |       0 |   0.0 |      15 |       0 |   0.0
        D:7 |    1289 |     272 |  17.4 |      18 |       5 |  21.7
        D:8 |    4506 |    2264 |  33.4 |      29 |      13 |  31.0
        D:9 |    1776 |       0 |   0.0 |      18 |       0 |   0.0
     Lair:1 |    4219 |     325 |   7.2 |      20 |       3 |  13.0
     Lair:2 |       0 |     445 | 100.0 |       0 |       1 | 100.0
            +---------+---------+-------+---------+---------+-------
